 Dungeon Crawl Stone Soup version 0.17-a0-1667-g4ca74a1 (webtiles) character file.

39246 Grimur the Severer (level 13, -1/132 HPs)
             Began as a Minotaur Berserker on Aug 17, 2015.
             Was a High Priest of Trog.
             Succumbed to Rupert's poison
             ... on level 15 of the Dungeon.
             The game lasted 01:35:29 (17983 turns).

Grimur the Severer (Minotaur Berserker)            Turns: 17983, Time: 01:35:29

Health: -1/132     AC: 21    Str: 30    XL:     13   Next: 68%
Magic:  12/12      EV: 10    Int:  4    God:    Trog [*****.]
Gold:   1173       SH:  0    Dex:  9    Spells: 0 memorised, 12 levels left

rFire  . . .     SeeInvis .     V - +14 battleaxe "Natzucs" {flame, rElec rPois rN++ Dex-3}
rCold  + . .     Clarity  .     F - +3 plate armour
rNeg   + + .     SustAt   .     (no shield)
rPois  +         Gourm    +     (helmet restricted)
rElec  +         Spirit   .     L - +0 cloak
rCorr  .         Warding  .     (no gloves)
rMut   .         Stasis   .     M - +0 pair of boots
MR     +....                    i - amulet of the gourmand
Stlth  ..........               j - ring of protection from magic
                                (no ring)

@: mighty, lethally poisoned (-1 -> -18), exhausted, slowed, very slow, somewhat
resistant to hostile enchantments, extremely unstealthy
A: retaliatory headbutt, horns 2, cold resistance 1
a: Burn Spellbooks, Berserk, Trog's Hand, Brothers in Arms, Renounce Religion


You were on level 15 of the Dungeon.
You worshipped Trog.
Trog was extremely pleased with you.
You were not hungry.

You visited 1 branch of the dungeon, and saw 15 of its levels.
You also visited: Sewer.

You collected 1173 gold pieces.

Inventory:

Hand weapons
 h - a +0 flail of crushing
 p - a +3 whip
 q - the +7 arbalest "Lengaomi" {speed, rF+, unknown}
   (Trog gifted it to you on level 11 of the Dungeon)

   Attacks with this weapon are significantly faster.
   It protects you from fire.
 D - a +0 dire flail
 H - a +3 battleaxe of electrocution
 N - a +4 antimagic executioner's axe
 S - a +0 great mace
 V - the +14 battleaxe "Natzucs" (weapon) {flame, rElec rPois rN++ Dex-3}
   (Trog gifted it to you on level 13 of the Dungeon)

   It has been specially enchanted to burn those struck by it, causing extra
   injury to most foes and up to half again as much damage against particularly
   susceptible opponents.
   Big, fiery blades are also staple armaments of hydra-hunters.
   It affects your dexterity (-3).
   It insulates you from electricity.
   It protects you from poison.
   It greatly protects you from negative energy.
Missiles
 P - 39 bolts
Armour
 F - a +3 plate armour (worn)
 L - a +0 cloak (worn)
 M - a +0 pair of boots (worn)
Jewellery
 b - an uncursed amulet of rage
 d - an uncursed amulet of resist mutation
 i - an amulet of the gourmand (around neck)
 j - a ring of protection from magic (right hand)
 o - an uncursed ring of ice
 U - a +5 ring of intelligence
Magical devices
 e - a wand of enslavement (20)
 l - a wand of polymorph (17)
 s - a wand of confusion (6)
 t - a wand of random effects (17)
 u - a wand of invisibility (6)
 v - a wand of confusion (35)
 z - a wand of polymorph (9)
 E - a wand of teleportation (4)
 I - a wand of lightning (2)
 O - a wand of flame (21)
 Q - a wand of lightning (6)
 W - a wand of polymorph (8)
 X - a wand of random effects (7)
Scrolls
 a - a scroll of identify
 f - a scroll of enchant armour
 n - 3 scrolls of fog
 B - 6 scrolls of remove curse
 K - 3 scrolls of recharging
 R - 3 scrolls of teleportation
Potions
 w - 5 potions of might
 x - 3 potions of magic
 A - 2 potions of curing
 C - a potion of flight
 G - 3 potions of agility
 T - a potion of cure mutation
Miscellaneous
 J - a fan of gales
Comestibles
 c - 6 bread rations
 g - 6 fruits
 k - 9 slices of pizza
 m - 5 beef jerkies


   Skills:
 * Level 17.1 Fighting
 * Level 17.6 Axes
 + Level 11.3 Armour
 - Level 7.0 Dodging


You had 12 spell levels left.
You didn't know any spells.

Dungeon Overview and Level Annotations

Branches:
Dungeon (15/15)            Temple (0/1) D:6            Lair (0/8) D:10
    Orc (0/4) D:12         Vaults (0/5) D:13         Depths (0/5) D:15

Altars:
Ashenzari
Cheibriados
Dithmenos
Fedhas
Kikubaaqudgha
Makhleb
Okawaru
Ru
Sif Muna
Vehumet
Xom
The Shining One

Shops:
D:15 %

Portals:
Trove: D:13 (give 2 potions of cure mutation)

Annotations:
D:13 exclusion: 2 statues
D:14 bows


Innate Abilities, Weirdness & Mutations

You reflexively headbutt those who attack you in melee.
You have a pair of horns on your head.
Your flesh is cold resistant.


Message History

Your Fighting skill increases to level 17!
* * * LOW HITPOINT WARNING * * *
You feel sick.
You hear a shout!
You are too berserk!
You feel yourself speed up.
* * * LOW HITPOINT WARNING * * *
You feel very sick.
There is an open door, spattered with blood here.
You feel a strong urge to attack something.
* * * LOW HITPOINT WARNING * * *
You feel sick.
You are no longer berserk.
You are exhausted.
You feel yourself slow down.
* * * LOW HITPOINT WARNING * * *
You feel sick.
Drink which item? (? for menu, Esc to quit)
You feel very mighty all of a sudden.
You die...

###### #....## . ##....#
.. #....# #..
#############.#####
#...##..#....#.###.##..##
........#...............#
........#...............#
.......†'.@.............#
......†)#...............#
###+##..######.###.##..##
#..# ###.###.##### ..).
#....#...# +....
#....'...# #....
#....#...# #.....
+....#...# #....#...#


There were no monsters in sight!

Vanquished Creatures
  Rupert (D:15)
  A hydra (D:15)
  A yaktaur captain (D:11)
  A catoblepas (D:14)
  An ice dragon (D:9)
  A centaur warrior (D:14)
  An ogre mage (D:13)
  Urug (D:13)
  Sonja (D:10)
  An unseen horror (D:11)
  A skeletal warrior (D:11)
  2 wizards (D:15)
  An orc knight (D:14)
  A flayed ghost (D:11)
  A cyclops (D:11)
  7 hill giants
  12 ugly things
  A necromancer (D:15)
  2 naga magi (D:15)
  A hornet (shapeshifter) (D:15)
  3 centaur skeletons
  An efreet (D:14)
  A gargoyle (D:10)
  3 two-headed ogres
  2 trolls
  Prince Ribbit (D:5)
  A wolf spider simulacrum (D:15)
  4 slime creatures
  2 wyverns
  A trapdoor spider (D:14)
  2 hogs (D:7)
  4 wraiths
  A vampire (D:14)
  4 vampire mosquitoes
  7 yaks
  4 hippogriffs
  A deep elf mage (D:13)
  A human (D:7)
  2 mottled dragons (D:11)
  5 porcupines (D:10)
  Duvessa (D:7)
  2 phantoms
  8 orc warriors
  5 sky beasts
  4 black bears
  An eye of draining (D:13)
  A necrophage (D:8)
  5 ice beasts
  6 crocodiles
  6 ogres
  A brain worm (D:14)
  9 centaurs
  3 big kobolds
  Blork the orc (D:5)
  A wyvern zombie (D:13)
  12 giant frogs
  2 scorpions
  A wyvern skeleton (D:11)
  Dowan (D:7)
  3 wights (D:7)
  An electric eel (D:9)
  5 jellies
  3 orc priests
  5 crimson imps
  10 hounds
  Crazy Yiuf (D:7)
  A gnoll shaman (D:4)
  Ijyb (D:2)
  2 giant frog skeletons
  6 centaur zombies
  12 worker ants
  Terence (D:2)
  3 iguanas
  12 orc wizards
  A sheep (D:7)
  A giant frog simulacrum (D:9)
  Robin (D:2)
  22 gnolls
  15 adders
  6 river rats (D:10)
  3 shadow imps
  An adder zombie (D:9)
  3 worms
  5 giant geckos
  70 orcs
  6 bats
  18 hobgoblins
  18 jackals
  21 kobolds
  6 quokkas
  3 ball pythons
  9 giant cockroaches
  3 giant gecko skeletons
  9 giant newts
  17 goblins
  3 rats
  3 fungi (D:7)
469 creatures vanquished.

Vanquished Creatures (others)
  A centaur (D:15)
  An orc (D:9)
  2 bushes (D:10)
  A plant (D:10)
5 creatures vanquished.

Grand Total: 474 creatures vanquished

Notes
Turn   | Place    | Note
--------------------------------------------------------------
     0 | D:1      | Grimur the Minotaur Berserker began the quest for the Orb.
     0 | D:1      | Reached XP level 1. HP: 19/19 MP: 0/0
   214 | D:1      | Reached skill level 4 in Fighting
   218 | D:1      | Reached XP level 2. HP: 27/27 MP: 1/1
   540 | D:2      | Noticed Robin
   550 | D:2      | Reached XP level 3. HP: 18/34 MP: 2/2
   553 | D:2      | Acquired Trog's second power
   559 | D:2      | Killed Robin
   756 | D:2      | Reached skill level 5 in Axes
   756 | D:2      | Reached XP level 4. HP: 39/41 MP: 3/3
   860 | D:2      | Reached skill level 5 in Fighting
   946 | D:2      | Noticed Ijyb
   974 | D:2      | Killed Ijyb
  1204 | D:2      | Found a blossoming altar of Fedhas.
  1212 | D:2      | Gained mutation: Your flesh is cold resistant. [potion of beneficial mutation]
  1321 | D:2      | Noticed Terence
  1339 | D:2      | Killed Terence
  1339 | D:2      | Reached XP level 5. HP: 36/49 MP: 4/4
  1892 | D:3      | Reached skill level 6 in Axes
  1909 | D:3      | Found a glowing golden altar of the Shining One.
  2009 | D:3      | Found a snail-covered altar of Cheibriados.
  2259 | D:3      | Reached XP level 6. HP: 57/57 MP: 5/5
  2933 | D:4      | Reached skill level 7 in Axes
  3093 | D:4      | Reached XP level 7. HP: 64/66 MP: 6/6
  3243 | D:4      | Acquired Trog's third power
  3252 | D:4      | Found a shadowy altar of Dithmenos.
  4034 | D:5      | Entered Level 5 of the Dungeon
  4136 | D:5      | Reached skill level 8 in Axes
  4483 | D:5      | Reached XP level 8. HP: 64/75 MP: 7/7
  4524 | D:5      | Noticed Prince Ribbit
  4531 | D:5      | Killed Prince Ribbit
  4531 | D:5      | Reached skill level 9 in Fighting
  4839 | D:5      | Noticed Blork the orc
  4847 | D:5      | Killed Blork the orc
  5413 | D:5      | Found a deep blue altar of Sif Muna.
  5543 | D:6      | Found a staircase to the Ecumenical Temple.
  5574 | D:6      | Found a glowing drain.
  5606 | Sewer    | Entered a sewer
  6350 | D:6      | Reached skill level 10 in Fighting
  6350 | D:6      | Reached skill level 10 in Axes
  6856 | D:6      | Reached XP level 9. HP: 86/86 MP: 8/8
  7030 | D:6      | Reached skill level 11 in Fighting
  7030 | D:6      | Reached skill level 13 in Axes
  7030 | D:6      | Reached XP level 10. HP: 92/97 MP: 9/9
  7264 | D:7      | Found a sacrificial altar of Ru.
  7411 | D:7      | Found a shimmering altar of Xom.
  7425 | D:7      | Noticed Dowan
  7439 | D:7      | Killed Dowan
  7458 | D:7      | Noticed Duvessa
  7469 | D:7      | Killed Duvessa
  8043 | D:7      | Identified a scroll of acquirement
  8204 | D:7      | Reached skill level 10 in Armour
  8308 | D:7      | Noticed Crazy Yiuf
  8312 | D:7      | Killed Crazy Yiuf
  8360 | D:8      | Found a snail-covered altar of Cheibriados.
  8889 | D:8      | Found a shattered altar of Ashenzari.
  9488 | D:9      | Found a shattered altar of Ashenzari.
  9556 | D:9      | Received a gift from Trog
  9673 | D:9      | Noticed an eight-headed hydra
  9676 | D:9      | Noticed an ice dragon
  9676 | D:9      | an eight-headed hydra changed into an ice dragon
  9693 | D:9      | Killed an ice dragon
 10140 | D:9      | Found a radiant altar of Vehumet.
 10141 | D:9      | Found a burning altar of Makhleb.
 10372 | D:9      | Reached XP level 11. HP: 106/106 MP: 10/10
 10531 | D:9      | Reached skill level 14 in Axes
 10809 | D:10     | Entered Level 10 of the Dungeon
 11395 | D:10     | Found an iron altar of Okawaru.
 11410 | D:10     | Found a staircase to the Lair.
 11642 | D:10     | Noticed a hill giant
 11647 | D:10     | Killed a hill giant
 12162 | D:10     | Noticed Sonja
 12186 | D:10     | Killed Sonja
 12545 | D:10     | Noticed a hill giant
 12552 | D:10     | Killed a hill giant
 12559 | D:11     | Noticed a hill giant
 12566 | D:11     | Killed a hill giant
 12578 | D:11     | Reached skill level 15 in Axes
 13041 | D:11     | Found a large runed door.
 13045 | D:11     | Found a large runed door.
 13058 | D:11     | Received a gift from Trog
 13081 | D:11     | Got a brightly glowing arbalest {god gift}
 13180 | D:11     | Noticed a hill giant
 13187 | D:11     | Killed a hill giant
 13187 | D:11     | Reached skill level 5 in Dodging
 13681 | D:11     | Killed an unseen horror
 13681 | D:11     | Reached XP level 12. HP: 92/118 MP: 3/11
 14253 | D:11     | Found an ancient bone altar of Kikubaaqudgha.
 14253 | D:11     | Noticed a yaktaur captain
 14261 | D:11     | Killed a yaktaur captain
 14411 | D:11     | Found a shadowy altar of Dithmenos.
 14411 | D:11     | Noticed a flayed ghost
 14417 | D:11     | Killed a flayed ghost
 14753 | D:12     | Found a staircase to the Orcish Mines.
 14839 | D:12     | Reached skill level 15 in Fighting
 15292 | D:13     | Reached skill level 16 in Axes
 15589 | D:13     | Noticed an ogre mage
 15595 | D:13     | Killed an ogre mage
 15602 | D:13     | Found a gate to the Vaults.
 15716 | D:13     | Received a gift from Trog
 15730 | D:13     | Got an ichor-stained battleaxe {god gift}
 15731 | D:13     | Identified the +14 battleaxe "Natzucs" {flame, rElec rPois rN++ Dex-3} (Trog gifted it to you on level 13 of the Dungeon)
 15847 | D:13     | Noticed Urug
 15854 | D:13     | Killed Urug
 15947 | D:13     | Found a portal to a secret trove of treasure.
 16177 | D:14     | Noticed a centaur warrior
 16181 | D:14     | Killed a centaur warrior
 16303 | D:14     | Noticed a catoblepas
 16326 | D:14     | Killed a catoblepas
 16691 | D:14     | Reached XP level 13. HP: 125/128 MP: 12/12
 17167 | D:15     | Entered Level 15 of the Dungeon
 17208 | D:15     | Found Dyl Qiots's Food Shop.
 17251 | D:15     | Reached skill level 17 in Axes
 17762 | D:15     | Found a staircase to the Depths.
 17965 | D:15     | Noticed Rupert
 17979 | D:15     | Killed Rupert
 17979 | D:15     | HP: 9/198 [poisoned by Rupert]
 17982 | D:15     | HP: 2/132 [poisoned by Rupert]
 17983 | D:15     | Succumbed to Rupert's poison

Vault maps used:
D:1:      minmay_arrival_diagonal_passages
D:2:      fedhas_altar_2, first_bread, uniq_robin, uniq_terence, uniq_iyjb
D:3:      kennysheep_the_goblin_king, nicolae_overflow_crystal_walls,
          minmay_door_square, tso_altar
D:4:      grunt_dithmenos_smoke_and_mirrors
D:5:      led_sif_pool, uniq_blork_the_orc, uniq_prince_ribbit1
D:6:      minmay_temple_entry_crystal_x, gup_sewer_entry_pipe,
          minmay_small_thing
D:7:      nicolae_ru_path_of_blood, grunt_livestock, xom_teletrap_fun,
          uniq_crazy_yiuf_cottage, uniq_duvessa
D:8:      lemuel_doored_altar, cheibriados_altar_1
D:9:      minmay_distorted_concentric_squares,
          grunt_temple_overflow_lords_of_destruction, basic_altar, fountainhead
D:10:     minmay_lair_entry_grove, serial_glass, glass_columns_c,
          glass_columns_b, glass_columns_a, glass_columns_a,
          okawaru_metal_pillars_1_2, uniq_sonja
D:11:     jmf_multi_god_temple2
D:12:     david_orc_2
D:13:     david_vaults_2, nicolae_trove_entry_columns,
          minmay_dual_archer_statues, uniq_urug
D:14:     cheibrodos_orc_bank, kennysheep_another_room, grunt_decor_one_mirror
D:15:     grunt_enter_depths_magical_seal, serial_shops, shop,
          serial_park_tiny_1, lemuel_nasty_fountain, uniq_rupert
Sewer:    sewer_co_scattered_pipes

Action                   |  1- 3 |  4- 6 |  7- 9 | 10-12 | 13-15 || total
-------------------------+-------+-------+-------+-------+-------++-------
Melee: Hand axe          |    47 |   176 |       |       |       ||   223
       War axe           |       |     3 |   247 |    57 |       ||   307
       Flail             |       |       |       |    73 |       ||    73
       Battleaxe         |       |       |       |    93 |    99 ||   192
       Executioner's axe |       |       |       |   287 |       ||   287
Invok: Berserk           |     1 |     2 |     4 |    14 |     3 ||    24
       Trog's Hand       |     1 |     1 |       |     2 |     1 ||     5
       Burn Spellbooks   |       |       |     1 |     2 |       ||     3
Evoke: Wand              |       |       |     1 |    14 |     1 ||    16
  Use: Scroll            |     1 |     6 |     8 |    14 |     1 ||    30
       Potion            |     2 |     5 |     7 |     8 |     1 ||    23
  Eat: Chunk             |     1 |     9 |    17 |    38 |     2 ||    67
       Meat ration       |       |       |       |     2 |     1 ||     3
       Bread ration      |       |       |       |     1 |       ||     1
       Beef jerky        |       |       |       |       |     1 ||     1
